 Dungeon Crawl Stone Soup version 0.30-a0-374-g95c0257040 (webtiles) character file.

Game seed: 14623734408223909062

316 bande the Chopper (level 6, -7/39 HPs)
             Began as a Gargoyle Fighter on Nov 27, 2022.
             Mangled by a wyvern (11 damage)
             ... on level 4 of the Dungeon.
             The game lasted 00:03:56 (2544 turns).

bande the Chopper (Gargoyle Fighter)                Turns: 2544, Time: 00:03:56

Health: -7/39      AC: 16    Str: 20    XL:     6   Next: 44%
Magic:  6/6        EV:  7    Int:  8    God:
Gold:   1310       SH:  4    Dex: 11    Spells: 5/5 levels left

rFire   . . .      SeeInvis .    a - +0 war axe
rCold   . . .      Faith    .    c - +0 buckler
rNeg    + . .      Spirit   .    o - +0 chain mail
rPois   ∞          Reflect  .    (no helmet)
rElec   +          Harm     .    (no cloak)
rCorr   .          Rampage  .    (no gloves)
Will    .....                    m - +1 pair of boots
Stlth   ..........               (no amulet)
HPRegen 0.26/turn                (no ring)
MPRegen 0.10/turn                (no ring)

@: no status effects
A: sickness immunity, AC +4, negative energy resistance 1, electricity
resistance, torment resistance 1, petrification resistance
a: no special abilities


You were on level 4 of the Dungeon.
You visited 1 branch of the dungeon, and saw 4 of its levels.

You collected 1310 gold pieces.

Inventory:

Hand Weapons
 a - a +0 war axe (weapon)
 h - a +0 flail
Armour
 c - a +0 buckler (worn)
 m - a +1 pair of boots (worn)
 o - a +0 chain mail (worn)
Jewellery
 i - an amulet of reflection
Wands
 j - a wand of light (7)
Scrolls
 e - a scroll of magic mapping
 l - a scroll of enchant armour
Potions
 d - a potion of might
 f - a potion of curing
 g - a potion of resistance
 k - a potion of mutation
 n - 2 potions of heal wounds {unknown}


   Skills:
 + Level 4.4 Fighting
 + Level 4.6 Axes
 + Level 4.0 Armour
 + Level 4.0 Shields
 * Level 0.2 Evocations


You had 5 spell levels left.
You didn't know any spells.
Your spell library contained the following spells:

 Spells                   Type           Power      Damage    Failure   Level
 Gell's Gravitas          Tloc           0%         N/A       100%        3
 Lesser Beckoning         Tloc           0%         N/A       100%        3
 Teleport Other           Tloc           0%         N/A       100%        3


Dungeon Overview and Level Annotations

Branches:
Dungeon (4/15)
 Temple: D:4-7

Altars:


Innate Abilities, Weirdness & Mutations

You are immune to sickness and miasma.
Your stone body is resilient. (AC +4)
You are immune to poison.
You resist negative energy. (rN+)
You are resistant to electric shocks. (rElec)
You are resistant to unholy torment.
You are immune to petrification.


Message History

A wyvern comes into view.
The wyvern bites you but does no damage.
You hit the wyvern but do no damage.
The wyvern bites you but does no damage. x2
You hit the wyvern but do no damage.
The wyvern bites you but does no damage.
The wyvern bites you.
You slash the wyvern!
The wyvern is moderately wounded.
The wyvern bites you! x2
You are too injured to fight recklessly!
You are too injured to fight recklessly!
You are too injured to fight recklessly!
You are too injured to fight recklessly!
You are too injured to fight recklessly!
You are too injured to fight recklessly!
You are too injured to fight recklessly!
Unknown command.
You hit the wyvern.
The wyvern is heavily wounded.
The wyvern bites you but does no damage.
The wyvern bites you.
You closely miss the wyvern.
The wyvern is heavily wounded.
The wyvern closely misses you.
The wyvern bites you but does no damage.
You closely miss the wyvern.
The wyvern is heavily wounded.
You block the wyvern's attack. The wyvern closely misses you.
You barely miss the wyvern.
The wyvern is heavily wounded.
The wyvern bites you.
* * * LOW HITPOINT WARNING * * *
The wyvern bites you.
* * * LOW HITPOINT WARNING * * *
You hit the wyvern.
The wyvern is severely wounded.
The wyvern bites you but does no damage.
The wyvern bites you!
You die...

##########...## #.#
#.............# #.#
########.#######....####.#
#.....)..#### #.#........#
#.##........# ##.#.#######
#.###.##.# ###)# # ...##.#
##+# ## .....##.# ##...##
#. #..#####@# ##.....## #.
........l.###.......## #.
.##.#...####.........####.
#..... +.........+....
#.#.. #.......<.####.
#..#. #.......## #. ....
#####.....## #. ##.#
#........## #. #.#####.##
#.


You could see a wyvern.

Vanquished Creatures
  Sigmund (D:3)
  3 gnolls (D:3)
  5 adders
  2 worms
  7 dart slugs
  5 orcs (D:3)
  A ball python (D:1)
  2 bats
  An endoplasm (D:1)
  3 giant cockroaches
  11 goblins
  5 hobgoblins
  12 kobolds
  4 frilled lizards
  2 rats (D:2)
64 creatures vanquished.

Vanquished Creatures (others)
  13 plants (D:2)
13 creatures vanquished.

Grand Total: 77 creatures vanquished

Notes
Turn   | Place    | Note
-------+----------+-------------------------------------------
     0 | D:1      | bande the Gargoyle Fighter began the quest for the Orb.
     0 | D:1      | Reached XP level 1. HP: 14/14 MP: 1/1
   200 | D:1      | Reached XP level 2. HP: 19/19 MP: 2/2
   652 | D:1      | Found a faded altar of an unknown god.
   661 | D:1      | Reached XP level 3. HP: 19/24 MP: 3/3
   977 | D:2      | Identified a scroll of acquirement
   977 | D:2      | Acquired 1127 gold pieces
  1098 | D:2      | Reached XP level 4. HP: 29/29 MP: 4/4
  1579 | D:3      | Reached XP level 5. HP: 24/33 MP: 5/5
  1638 | D:3      | Noticed Sigmund
  1649 | D:3      | Killed Sigmund
  1650 | D:3      | Reached XP level 6. HP: 39/39 MP: 6/6
  2535 | D:4      | Noticed a wyvern
  2544 | D:4      | Mangled by a wyvern

Illustrated notes

Levels and vault maps discovered:
D:1:      dpeg_arrival_central, layout_basic, shapermc_ecumenical_altar_venn,
          kennysheep_nondescript, minmay_tripent
D:2:      layout_rooms, lexackson_kobold_supper
D:3:      layout_basic, uniq_sigmund
D:4:      layout_loops_corners, uniq_ijyb

Skill      XL: |  1  2  3  4  5 |
---------------+----------------+-----
Axes           | 2 3 4 |  4.6
Fighting       | 4 |  4.4
Armour         | 4 |  4.0
Shields        | 4 |  4.0
Evocations     | |  0.2

Action                   |  1- 3 |  4- 6 || total
-------------------------+-------+-------++-------
Melee: War axe           |    87 |    99 ||   186
  Use: Scroll            |     8 |     2 ||    10
       Potion            |       |     1 ||     1
Armor: Scale mail        |    46 |    37 ||    83
       Chain mail        |       |    25 ||    25
Dodge: Dodged            |    56 |    51 ||   107
Block: Buckler           |    15 |    25 ||    40

Table legend: (Time is in decaauts)
 A = Elapsed time spent in this place.
 B = Non-inter-level travel time spent in this place.
 C = Inter-level travel time spent in this place.
 D = Time resting spent in this place.
 E = Time spent auto-exploring this place.
 F = Levels seen in this place.
 G = Mean time per level.
                   A        B        C        D        E       F      G
               +--------+--------+--------+--------+--------+-----+--------+
         Total |   2619 |   2492 |    127 |    230 |   1735 |   4 |  654.8 |
       Dungeon |   2619 |   2492 |    127 |    230 |   1735 |   4 |  654.8 |
               +--------+--------+--------+--------+--------+-----+--------+

Top non-repeatable levels by time:
     D:3: 1117 daAuts
     D:1: 832 daAuts
     D:2: 566 daAuts
     D:4: 102 daAuts
